 Dungeon Crawl Stone Soup version 0.30-a0-1043-g60ff8d5f49 (webtiles) character file.

Game seed: 1188438951701184731

110 Lobster4 the Firebug (level 4, -5/35 HPs)
             Began as a Hill Orc Fire Elementalist on Apr 10, 2023.
             Slain by an orc warrior
             ... wielding a +0 trident
              (10 damage)
             ... on level 3 of the Dungeon.
             The game lasted 00:07:47 (2219 turns).

Lobster4 the Firebug (Hill Orc Fire Elementalist)   Turns: 2219, Time: 00:07:48

Health: -5/35      AC:  8    Str: 10    XL:     4   Next: 91%
Magic:  7/7        EV: 11    Int: 24    God:
Gold:   135        SH:  0    Dex: 11    Spells: 2/7 levels left

rFire   . . .      SeeInvis +    l - +11 short sword of Beogh's Whim {flame, Int+4 SInv}
rCold   . . .      Faith    .    (no shield)
rNeg    + . .      Spirit   .    o - +3 leather armour of Neig {Drain rN+ Int+3}
rPois   .          Reflect  .    (no helmet)
rElec   .          Rampage  .    k - +1 cloak
rCorr   .                        (no gloves)
Will    .....                    (no boots)
Stlth   ++                       (no amulet)
HPRegen 0.25/turn                j - ring of flight
MPRegen 0.10/turn                (no ring)

@: flying
A: no striking features
a: no special abilities


You were on level 3 of the Dungeon.
You visited 1 branch of the dungeon, and saw 5 of its levels.

You collected 135 gold pieces.

Inventory:

Hand Weapons
 l - the +11 short sword of Beogh's Whim (weapon) {flame, Int+4 SInv}
   (You found it on level 2 of the Dungeon)

   Int:       It affects your intelligence (+4).
   SInv:      It lets you see invisible.
Missiles
 c - 2 boomerangs
 h - 38 stones
Armour
 a - a +0 robe
 k - a +1 cloak (worn)
 m - a +0 leather armour
 o - the +3 leather armour of Neig (worn) {Drain rN+ Int+3}
   (You found it on level 2 of the Dungeon)

   Int:       It affects your intelligence (+3).
   rN:        It protects you from negative energy.
   Drain:     It drains your maximum health when unequipped.
 q - the +5 chain mail of Ottuhi Ebara {Will- Int+3 Dex+6}
   (You found it on level 2 of the Dungeon)

   Int:       It affects your intelligence (+3).
   Dex:       It affects your dexterity (+6).
   Will:      It decreases your willpower.
Jewellery
 j - a ring of flight (left hand)
 t - a ring of protection from cold
 u - a ring of willpower
Scrolls
 d - 2 scrolls of teleportation
 f - a scroll of magic mapping {unknown}
 i - a scroll of fog {unknown}
 p - a scroll of noise {unknown}
 v - a scroll of blinking {unknown}
 w - a scroll of amnesia {unknown}
 y - a scroll of immolation {unknown}
Potions
 b - a potion of magic
 g - a potion of curing {unknown}
 n - 2 potions of brilliance {unknown}
 r - a potion of cancellation
 x - a potion of resistance
 z - a potion of haste {unknown}


   Skills:
 + Level 1.4 Fighting
 + Level 0.9 Short Blades
 + Level 0.0 Throwing
 + Level 1.4 Armour
 + Level 2.1 Dodging
 - Level 2.0 Stealth
 + Level 2.1 Spellcasting
 + Level 1.7 Conjurations
 + Level 3.6 Fire Magic


You had 2 spell levels left.
You knew the following spells:

 Your Spells              Type           Power      Damage    Failure   Level
a - Foxfire               Conj/Fire      60%        2x1d7     5%          1
b - Scorch                Fire           40%        2d7       5%          2
c - Searing Ray           Conj           20%        2d5       12%         2

Your spell library contained the following spells:

 Spells                   Type           Power      Damage    Failure   Level
 Magic Dart               Conj           40%        1d5       8%          1
 Inner Flame              Hex/Fire       11%        N/A       22%         3
 Volatile Blastmotes      Fire/Tloc      22%        2d11      22%         3
 Flame Wave               Conj/Fire      15%        2d7       45%         4
 Fulminant Prism          Conj/Hex       3%         3d5       73%         4


Dungeon Overview and Level Annotations

Branches:
Dungeon (5/15)
 Temple: D:4-7

Altars:


Message History

Press: ? - help, Shift-Dir - straight line, f/p - orc warrior
Aim: an orc warrior, wielding a +0 trident and wearing a +0 plate armour (lightly wounded, poisoned, 54% to hit)
You throw a poisoned dart.
The poisoned dart barely misses the orc warrior.
The poisoned dart barely misses the orc.
Throw: 4 darts (poison)
Press: ? - help, Shift-Dir - straight line, f/p - orc warrior
Aim: an orc warrior, wielding a +0 trident and wearing a +0 plate armour (lightly wounded, poisoned, 54% to hit)
You throw a poisoned dart.
The poisoned dart closely misses the orc warrior.
The poisoned dart barely misses the orc.
The orc warrior hits you from afar with a +0 trident!
Throw: 3 darts (poison)
Press: ? - help, Shift-Dir - straight line, f/p - orc warrior
Aim: an orc warrior, wielding a +0 trident and wearing a +0 plate armour (lightly wounded, poisoned, 54% to hit)
You throw a poisoned dart. The poisoned dart hits the orc warrior.
The orc warrior looks even sicker.
The orc warrior is lightly wounded.
The orc warrior closely misses you.
Throw: 2 darts (poison)
Press: ? - help, Shift-Dir - straight line, f/p - orc warrior
Aim: an orc warrior, wielding a +0 trident and wearing a +0 plate armour (lightly wounded, very poisoned, 54% to hit)
You throw a poisoned dart. The poisoned dart hits the orc warrior.
The orc warrior is lightly wounded.
The orc warrior hits you from afar with a +0 trident!
Throw: dart (poison)
Press: ? - help, Shift-Dir - straight line, f/p - orc warrior
Aim: an orc warrior, wielding a +0 trident and wearing a +0 plate armour (lightly wounded, very poisoned, 54% to hit)
You throw a poisoned dart.
The poisoned dart completely misses the orc warrior.
The poisoned dart closely misses the orc.
The orc warrior hits you from afar with a +0 trident!
* * * LOW HITPOINT WARNING * * *
You see here a +0 ring mail.
The orc warrior hits you with a +0 trident.
* * * LOW HITPOINT WARNING * * *
You hit the orc warrior. You burn the orc warrior.
The orc warrior is severely wounded.
The orc warrior hits you with a +0 trident!
You die...

#..o. ###.. #..
#####.. #..o...
##.#### #.#
#################.####
#....@oo[...o.(..(....
#.################....
#.# #.......# #......
#.###.#####.####.##...
#.....# #....##.###..
##########.##.##.#####
#.......#.....#
#.###########.# #.#
..........


You could see an orc warrior (poisoned) and 2 orcs.

Vanquished Creatures
  Jessica (D:2)
  2 adders
  3 worms (D:2)
  7 bats
  8 endoplasms
  2 giant cockroaches (D:3)
  5 goblins
  2 hobgoblins (D:2)
  4 jackals (D:2)
  4 kobolds
  2 quokkas
  5 ball pythons
  2 frilled lizards
  8 rats
55 creatures vanquished.

Vanquished Creatures (others)
  98 foxfires
  12 plants (D:2)
110 creatures vanquished.

Grand Total: 165 creatures vanquished

Notes
Turn   | Place    | Note
-------+----------+-------------------------------------------
     0 | D:1      | Lobster4 the Hill Orc Fire Elementalist began the quest for
                  | the Orb.
     0 | D:1      | Reached XP level 1. HP: 14/14 MP: 3/3
   254 | D:1      | Reached XP level 2. HP: 22/22 MP: 1/4
   260 | D:1      | Learned a level 2 spell: Scorch
   705 | D:2      | Identified the +11 short sword of Beogh's Whim {flame,
                  | Int+4 SInv}
   799 | D:2      | Identified the +3 leather armour of Neig {Drain rN+ Int+3}
   815 | D:2      | Noticed Jessica
   825 | D:2      | Killed Jessica
   826 | D:2      | Reached skill level 1 in Fighting
   826 | D:2      | Reached skill level 1 in Armour
   826 | D:2      | Reached XP level 3. HP: 28/28 MP: 0/5
   838 | D:2      | Identified the +5 chain mail of Ottuhi Ebara {Will- Int+3
                  | Dex+6}
  1108 | D:2      | Reached XP level 4. HP: 35/35 MP: 4/6
  1713 | D:2      | Learned a level 2 spell: Searing Ray
  1746 | D:3      | Noticed an orc warrior
  1815 | D:3      | You are sucked into a shaft and drop 2 floors!
  1815 | D:5      | Entered Level 5 of the Dungeon
  2219 | D:3      | Slain by an orc warrior

Illustrated notes

Levels and vault maps discovered:
D:1:      roderic_chinese_lattice_arrival, layout_basic
D:2:      layout_loops_ring, chequers_big_river, nrook_mini_vaults, uniq_jessica
D:3:      layout_basic, mainiacjoe_overflow_catwalk
D:4:      layout_gridville
D:5:      kennysheep_steamy, layout_basic, nicolae_overflow_hidden_temple,
          gammafunk_ghost_gnarly_gnolls, uniq_ijyb, uniq_blork_the_orc

Skill      XL: |  1  2  3  4 |
---------------+-------------+-----
Fighting       | 1 |  1.4
Armour         | 1 |  1.4
Spellcasting   | 2 |  2.1
Stealth        | 2 |  2.0
Dodging        | 2 |  2.1
Short Blades   | |  0.9
Conjurations   | |  1.7
Fire Magic     | |  3.6

Action                     |  1- 3 |  4- 6 || total
---------------------------+-------+-------++-------
  Melee: Club              |     8 |       ||     8
         Short sword       |     6 |    36 ||    42
  Throw: Dart              |       |     6 ||     6
   Cast: Foxfire           |    43 |    25 ||    68
    Use: Scroll            |       |     4 ||     4
   Stab: Sleeping          |       |     3 ||     3
 Armour: Robe              |     7 |       ||     7
         Leather armour    |       |    13 ||    13
  Dodge: Dodged            |     8 |    19 ||    27

Table legend: (Time is in decaauts)
 A = Elapsed time spent in this place.
 B = Non-inter-level travel time spent in this place.
 C = Inter-level travel time spent in this place.
 D = Time resting spent in this place.
 E = Time spent auto-exploring this place.
 F = Levels seen in this place.
 G = Mean time per level.
                   A        B        C        D        E       F      G
               +--------+--------+--------+--------+--------+-----+--------+
         Total |   2217 |   2183 |     34 |    181 |   1493 |   5 |  443.4 |
       Dungeon |   2217 |   2183 |     34 |    181 |   1493 |   5 |  443.4 |
               +--------+--------+--------+--------+--------+-----+--------+

Top non-repeatable levels by time:
     D:2: 1115 daAuts
     D:1: 682 daAuts
     D:3: 407 daAuts
     D:5: 7 daAuts
     D:4: 4 daAuts
